Unix NetHack Version 3.7.0-51 Work-in-progress - last build Mar 7 2022 13:06:07 (ce1e6a145e5d3e7dd6f4b57ba37794bc207988de,branch:master). Game began 2022-03-18 02:58:50, ended 2022-03-18 03:29:55. Gandelf, neutral male human Monk ---------------------------------# |.^.............................|# |...-----------.---------------.|# |...|.(((|....|.-.!((| |(!=.|.|# |...-.(((|....|.|.((!| |?!%.|..# # # |...|.(((|....-.|.(((| .|%)..-1.###) |...|----------.------...------.|# # |...|%%%|....|%...{%...........)|# # #|...|%%%|._..|.......---.|.----.|# # --------- ####-...|%.%|....|.%.....| |..|..|.|# # ----- |>......)#########|...|...|....|{......| |..|..|.|# #%#....| |....^..|##### |...-|-----|--.......-+-----|--)|# |<..| |.......| |...............................|' |.... |........ |......-|--+-----..........----.|#@####-...| ---.----- |......|..| |..|..........| |.| -.-|- |......|..| |..-..........| .| ----------- --------------- --- Gandelf the Initiate St:17 Dx:12 Co:12 In:11 Wi:13 Ch:10 Neutral S:5127 Dlvl:7 $:1437 HP:0(46) Pw:22(38) AC:0 Xp:7/1098 T:3068 Burdened Latest messages: You hit the Uruk-hai. You hit the Uruk-hai. The Uruk-hai thrusts her crude short sword. The Uruk-hai hits! You hit the Uruk-hai. You kill the Uruk-hai! There are many objects here. You hear crashing rock. You hear crashing rock. You hear crashing rock. The dungeon acoustics noticeably change. You hear crashing rock. You hear the splashing of a naiad. The dungeon acoustics noticeably change. You hear crashing rock. You hear crashing rock. You hear crashing rock. You hear someone praising Shan Lai Ching. You start digging. You hit the rock with all your might. You make an opening in the wall. You swap places with the peaceful watchman. You hit the leather golem. The leather golem hits! The leather golem misses! You hit the leather golem. You hit the leather golem. You miss the leather golem. You hit the leather golem. The leather golem hits! The leather golem hits! You hit the leather golem. The leather golem misses! The leather golem hits! You miss the leather golem. You hit the leather golem. The leather golem just misses! The leather golem hits! You hit the leather golem. You hit the leather golem. The leather golem misses! The leather golem hits! You hit the leather golem. The leather golem hits! The leather golem hits! You hit the leather golem. The leather golem hits! The leather golem hits! You die... Do you want your possessions identified? [ynq] (y) q Major events: Turn 1: Gandelf the neutral male human Monk entered the dungeon 556: entered the Gnomish Mines 1247: attained the rank of Novice (level 3) 1416: destroyed nurdglaw's ghost, the former Rhizotomist 1452: attained the rank of Initiate (level 6) 2506: reached Mine Town 3068: killed by a leather golem Inventory: Coins $ - 1437 gold pieces Weapons E - 2 +0 daggers Armor L - a blessed +1 dwarvish iron helm (being worn) a - an uncursed +2 pair of leather gloves (being worn) R - a cursed +0 pair of kicking boots C - an uncursed +0 pair of speed boots (being worn) b - an uncursed +1 robe (being worn) Comestibles S - a cursed apple z - a cursed partly eaten apple e - 2 uncursed food rations j - 3 uncursed fortune cookies i - 5 uncursed oranges p - an uncursed lizard corpse Scrolls N - an uncursed scroll of amnesia F - an uncursed scroll of blank paper U - a cursed scroll of create monster T - a cursed scroll of enchant weapon v - an uncursed scroll of food detection x - a blessed scroll of identify d - a blessed scroll of teleportation Potions g - an uncursed potion of extra healing k - 3 cursed potions of healing J - an uncursed potion of object detection f - 4 uncursed potions of water c - a potion of unholy water Rings l - a cursed ring of slow digestion Wands H - a wand of create monster (0:13) G - a wand of magic missile (0:3) n - a cursed wand of nothing (0:14) s - a wand of opening (0:5) o - a cursed wand of sleep (0:7) A - a wand of speed monster (0:6) Tools m - an uncursed oilskin sack containing 16 items q - a cursed lock pick r - a cursed rusty +0 pick-axe (weapon in hand) t - a cursed stethoscope Gems/Stones I - 3 uncursed worthless pieces of red glass M - an uncursed worthless piece of white glass u - a cursed worthless piece of white glass P - an uncursed luckstone Contents of the oilskin sack: 10 +0 arrows a +1 arrow a blessed +1 elven dagger a +0 dwarvish mattock a +0 guisarme 5 uncursed apples an uncursed cream pie an uncursed egg a blessed spellbook of healing a can of grease (0:25) a magic marker (0:66) a tinning kit (0:38) an uncursed worthless piece of black glass an uncursed worthless piece of blue glass an uncursed worthless piece of violet glass an uncursed worthless piece of red glass Gandelf the Monk's attributes: Background: You were an Initiate, a level 7 male human Monk. You were neutral, on a mission for Chih Sung-tzu who was opposed by Shan Lai Ching (lawful) and Huan Ti (chaotic). You were in the Gnomish Mines, on level 7. You entered the dungeon 3068 turns ago. It was nighttime. There was a full moon in effect when your adventure ended. You had 1098 experience points, 182 more were needed to attain level 8. Your score was 5127 before end-of-game adjustments. Basics: You had 0 out of 46 hit points. You had 22 out of 38 energy points (spell power). Your armor class was 0. Your wallet contained 1437 zorkmids. Autopickup was off. Final Characteristics: Your strength was 17 (limit:18/100). Your dexterity was 12 (limit:18). Your constitution was 12 (limit:18). Your intelligence was 11 (limit:18). Your wisdom was 13 (limit:18). Your charisma was 10 (limit:18). Final Status: You were not hungry. You were burdened; movement was slightly slowed. You were wielding a pick-axe. You had no skill with pick-axe. Final Attributes: You were piously aligned. You were sleep resistant. You were poison resistant. You saw invisible. You were warned. You were stealthy. You were guarded. You were very fast. You were lucky. You had extra luck. Bad luck did not time out for you. Good luck did not time out for you. You are dead. Miscellaneous: You encountered 1 bones level. Total elapsed playing time was 28 minutes and 31 seconds. Vanquished creatures: 2 ghosts an ice vortex a vampire bat a gnome ruler a lizard a housecat 5 Uruk-hai a rock piercer 2 yellow lights 4 gnome leaders a gnomish wizard a gray ooze 2 giant ants a floating eye 5 dwarves 13 hill orcs a centipede a wererat a gas spore 4 hobbits 2 hobgoblins a giant rat a green mold 21 gnomes 2 geckos 5 jackals a fox 2 kobolds a goblin 11 sewer rats 2 grid bugs 4 lichens a kobold zombie 6 newts 109 creatures vanquished. No species were genocided or became extinct. Voluntary challenges: You followed a strict vegan diet. You read items or engraved 1 time. You never engraved Elbereth. You never genocided any monsters. You never polymorphed an object. You never changed form. You used no wishes. Achievements: You entered the Gnomish Mines. You attained the rank of Novice. You attained the rank of Initiate. You entered Minetown. You entered a shop. You entered a temple. The Dungeons of Doom: levels 1 to 4 Level 1: Level 2: Many fountains. Level 3: Some fountains. Stairs down to The Gnomish Mines. Level 4: The Gnomish Mines: levels 4 to 8 Level 4: Final resting place for nurdglaw-Hea-Hum-Fem-Neu, killed by a magic missile. Level 5: Level 6: Level 7: <- You were here. Many shops, a temple, some fountains. Final resting place for you, killed by a leather golem. Level 8: Game over: ---------- / \ / REST \ / IN \ / PEACE \ / \ | Gandelf | | 1437 Au | | killed by a | | leather golem | | | | | | 2022 | *| * * * | * _________)/\\_//(\/(/\)/\//\/|_)_______ Goodbye Gandelf the Monk... You died in The Gnomish Mines on dungeon level 7 with 4984 points, and 1437 pieces of gold, after 3068 moves. You were level 7 with a maximum of 46 hit points when you died.